 Dungeon Sprint DCSS version 0.29-a0-337-g68df138881 (webtiles) character file.

Game seed: 14764948259301302209

3602 mhtbhm the Fencer (level 9, -6/101 HPs)
             Began as a Minotaur Berserker on Apr 16, 2022.
             Was a High Priest of Trog.
             Mangled by an eight-headed hydra (12 damage)
             ... in the Dungeon (Sprint IX: "|||||||||||||||||||||||||||||").
             The game lasted 00:01:46 (873 turns).

mhtbhm the Fencer (Minotaur Berserker)               Turns: 873, Time: 00:01:47

Health: -6/101     AC:  6    Str: 25    XL:     9   Next: 86%
Magic:  8/8        EV: 14    Int: 10    God:    Trog [*****.]
Gold:   16         SH:  0    Dex: 11    Spells: 8/8 levels left

rFire   . . .      SeeInvis .   a - +2 scimitar of Affatoad {freeze, rN+}
rCold   + . .      Faith    .   (no shield)
rNeg    + . .      Spirit   .   b - +1 leather armour {rC+}
rPois   .          Reflect  .   (helmet restricted)
rElec   .          Harm     .   k - +0 cloak
rCorr   .          Rampage  .   (no gloves)
Will    .....      NoTele   +   (no boots)
Stlth   ++........              (no amulet)
HPRegen 0.26/turn               l - +3 ring of intelligence
MPRegen 0.11/turn               m - +3 ring of intelligence

@: on berserk cooldown, hasted and slowed
A: horns 2, retaliatory headbutt
a: Renounce Religion, Berserk, Trog's Hand, Brothers in Arms


You were in the Dungeon.
You worshipped Trog.
Trog was extremely pleased with you.
You visited 1 branch You collected 16 gold pieces.

Inventory:

Hand Weapons
 a - the +2 scimitar of Affatoad (weapon) {freeze, rN+}
   (You found it in the Dungeon)

   It freezes those it strikes, dealing additional cold damage.
   It can also slow down cold-blooded creatures.
   rN:        It protects you from negative energy.
Armour
 b - a +1 leather armour of cold resistance (worn)
 k - a +0 cloak (worn)
Jewellery
 l - a +3 ring of intelligence (left hand)
 m - a +3 ring of intelligence (right hand)
Wands
 j - a wand of acid (6)
Scrolls
 h - a scroll of blinking
 o - 2 scrolls of identify
 p - a scroll of fog
 r - 2 scrolls of enchant armour
 s - a scroll of fear
Potions
 c - 5 potions of curing
 d - 7 potions of heal wounds
 f - 4 potions of magic
 g - 2 potions of berserk rage
 i - a potion of invisibility
 n - a potion of mutation
 q - a potion of attraction


   Skills:
 + Level 16.6 Fighting
 + Level 17.7 Long Blades
 + Level 8.9 Armour
 + Level 8.7 Dodging
 + Level 2.6 Stealth
 + Level 1.0 Evocations


You had 8 spell levels left.
You didn't know any spells.
Your spell library was empty.

Dungeon Overview and Level Annotations

Branches:
Dungeon (1/1)

Altars:
Cheibriados
Dithmenos
Elyvilon
Fedhas
Gozag
Hepliaklqana
Kikubaaqudgha
Makhleb
Nemelex Xobeh
Okawaru
Qazlal
Ru
Sif Muna
Trog
Uskayaw
Vehumet
Wu Jian
Xom
Yredelemnul
Zin
The Shining One
Beogh
Jiyva
Lugonu


Innate Abilities, Weirdness & Mutations

You have a pair of horns on your head.
You reflexively headbutt those who attack you in melee.


Message History

You are too injured to fight recklessly!
You are too injured to fight recklessly!
You are too injured to fight recklessly!
You are too injured to fight recklessly!
You are too injured to fight recklessly!
You are too injured to fight recklessly!
You are too injured to fight recklessly!
You are too injured to fight recklessly!
You are too injured to fight recklessly!
You are too injured to fight recklessly!
You are too injured to fight recklessly!
Unknown command.
A red film seems to cover your vision as you go berserk!
You feel yourself moving faster!
You feel mighty!
The komodo dragon completely misses you.
You hit the komodo dragon. You freeze the komodo dragon.
The komodo dragon is lightly wounded.
The komodo dragon barely misses you.
You slash the komodo dragon! You freeze the komodo dragon.
The komodo dragon is heavily wounded.
You slice the komodo dragon!! You freeze the komodo dragon.
You kill the komodo dragon!
Trog accepts your kill.
A cane toad comes into view.
Your Evocations skill increases to level 1!
Unknown command.
You feel a strong urge to attack something.
You feel your anger nearly subside.
You are no longer berserk.
You are exhausted.
You feel yourself slow down.
Okay, then.
You feel yourself speed up. The eight-headed hydra bites you!
* * * LOW HITPOINT WARNING * * *
The eight-headed hydra bites you!
* * * LOW HITPOINT WARNING * * *
The eight-headed hydra completely misses you.
The eight-headed hydra bites you.
* * * LOW HITPOINT WARNING * * *
The eight-headed hydra bites you!
You die...

▓.▓.▓.▓
▓.▓.▓.▓
▓.▓.▓†▓
▓!▓.▓[▓
▓.▓.▓.▓
▓.▓.▓.▓
▓)▓.▓.▓
▓.▓.▓.▓
▓@▓.▓'▓
▓D▓.▓_▓
▓F▓.▓_▓
▓F▓.▓_▓
▓.▓.▓_▓
▓F▓.▓_▓
▓F▓.▓_▓
▓.▓.▓_▓
▓.▓.▓_▓


You could see an eight-headed hydra, 2 cane toads and 2 bullfrogs.

Vanquished Creatures
  A hydra (D)
  A centaur warrior (D)
  A deep elf pyromancer (D)
  An ugly thing (D)
  A gargoyle (D)
  2 komodo dragons (D)
  2 yaks (D)
  2 acid dragons (D)
  A sky beast (D)
  2 centaurs (D)
  A bullfrog (D)
  A howler monkey (D)
  3 adders (D)
  An orc (D)
  A ball python (D)
  An endoplasm (D)
  A hobgoblin (D)
  A bat (D)
  A kobold (D)
25 creatures vanquished.

Notes
Turn   | Place    | Note
-------+----------+-------------------------------------------
     0 | D        | mhtbhm the Minotaur Berserker began the quest for the Orb.
     0 | D        | Reached XP level 1. HP: 19/19 MP: 0/0
     5 | D        | Reached skill level 4 in Long Blades
    11 | D        | Reached ** piety under Trog
    83 | D        | Noticed a sky beast
    88 | D        | Reached skill level 5 in Fighting
    88 | D        | Reached skill level 5 in Long Blades
    88 | D        | Reached XP level 2. HP: 29/29 MP: 1/1
    89 | D        | Reached *** piety under Trog
    96 | D        | Killed a sky beast
    97 | D        | Reached skill level 7 in Long Blades
    97 | D        | Reached XP level 3. HP: 18/40 MP: 2/2
    97 | D        | Reached XP level 4. HP: 22/48 MP: 3/3
    99 | D        | Reached skill level 8 in Long Blades
   123 | D        | Found a snail-covered altar of Cheibriados.
   123 | D        | Found a shadowy altar of Dithmenos.
   123 | D        | Found a white marble altar of Elyvilon.
   123 | D        | Found a blossoming altar of Fedhas.
   123 | D        | Found an opulent altar of Gozag.
   124 | D        | Found a hazy altar of Hepliaklqana.
   125 | D        | Found a viscous altar of Jiyva.
   126 | D        | Found an ancient bone altar of Kikubaaqudgha.
   127 | D        | Found a corrupted altar of Lugonu.
   128 | D        | Found a burning altar of Makhleb.
   129 | D        | Found a sparkling altar of Nemelex Xobeh.
   130 | D        | Found an iron altar of Okawaru.
   131 | D        | Found a stormy altar of Qazlal.
   132 | D        | Found a sacrificial altar of Ru.
   133 | D        | Found a shimmering blue altar of Sif Muna.
   134 | D        | Found a bloodstained altar of Trog.
   135 | D        | Found a hide-covered altar of Uskayaw.
   136 | D        | Found a radiant altar of Vehumet.
   137 | D        | Found an ornate altar of the Wu Jian Council.
   138 | D        | Found a shimmering altar of Xom.
   139 | D        | Found a basalt altar of Yredelemnul.
   140 | D        | Found a glowing silver altar of Zin.
   141 | D        | Found a glowing golden altar of the Shining One.
   160 | D        | Got the +2 scimitar of Affatoad {freeze, rN+}
   294 | D        | Noticed an acid dragon
   294 | D        | Noticed a yak
   294 | D        | Noticed a yak
   294 | D        | Noticed a centaur
   294 | D        | Noticed a centaur
   299 | D        | Killed an acid dragon
   299 | D        | Reached **** piety under Trog
   300 | D        | Reached skill level 9 in Long Blades
   300 | D        | Reached skill level 5 in Armour
   300 | D        | Reached XP level 5. HP: 51/57 MP: 4/4
   407 | D        | Killed a yak
   408 | D        | Reached skill level 10 in Fighting
   408 | D        | Reached skill level 11 in Long Blades
   408 | D        | Reached skill level 5 in Dodging
   408 | D        | Reached XP level 6. HP: 67/67 MP: 5/5
   409 | D        | Reached skill level 1 in Stealth
   411 | D        | Killed a yak
   412 | D        | Reached skill level 12 in Long Blades
   412 | D        | Reached XP level 7. HP: 74/74 MP: 6/6
   417 | D        | Reached ***** piety under Trog
   456 | D        | Noticed a centaur warrior
   456 | D        | Noticed a gargoyle
   456 | D        | Noticed an eight-headed hydra
   456 | D        | Noticed a deep elf pyromancer
   456 | D        | Noticed a cyan ugly thing
   460 | D        | Killed a centaur warrior
   461 | D        | Reached skill level 14 in Long Blades
   461 | D        | Reached XP level 8. HP: 88/88 MP: 7/7
   463 | D        | Killed an 11-headed hydra
   464 | D        | Reached skill level 15 in Long Blades
   466 | D        | Received a gift from Trog
   467 | D        | Reached XP level 9. HP: 89/96 MP: 8/8
   469 | D        | Killed a gargoyle
   470 | D        | Reached skill level 15 in Fighting
   470 | D        | Reached skill level 16 in Long Blades
   493 | D        | Killed a deep elf pyromancer
   502 | D        | Killed a cyan ugly thing
   503 | D        | Reached skill level 17 in Long Blades
   853 | D        | Noticed a komodo dragon
   853 | D        | Noticed a komodo dragon
   853 | D        | Noticed a cane toad
   855 | D        | Noticed an eight-headed hydra
   861 | D        | Killed a komodo dragon
   867 | D        | Killed a komodo dragon
   867 | D        | Noticed a cane toad
   868 | D        | Reached skill level 1 in Evocations
   873 | D        | Mangled by an eight-headed hydra

Illustrated notes

Levels and vault maps discovered:
D:        linesprint [early_d, line_temple, items_1, d_10, items_2, lair_1,
          lair_end, items_3, orc_1, orc_end, items_4, d_15, swamp_1, shoals_1,
          snake_1, spider_1, d_20, vaults_1, items_5, swamp_end, shoals_end,
          snake_end, spider_end, vaults_end, d_27, items_6, zot_1, zot_end,
          crypt_end, forest_end, elf_end, slime_end, tomb_end, abyss_end,
          pan_hell_end]

Skill      XL: |  1  2  3  4  5  6  7  8  9 |
---------------+----------------------------+-----
Fighting       | 5 7 9 10 11 13 14 16 | 16.6
Long Blades    | 5 7 9 11 12 14 15 17 | 17.7
Armour         | 3 4 5 6 7 8 |  8.9
Dodging        | 3 4 5 6 7 8 |  8.7
Stealth        | 1 2 |  2.6
Evocations     | 1 |  1.0

Action                   |  1- 3 |  4- 6 |  7- 9 || total
-------------------------+-------+-------+-------++-------
Melee: Falchion          |    22 |     3 |       ||    25
       Headbutt          |     4 |     3 |    11 ||    18
       Scimitar          |       |    10 |    33 ||    43
       Punch             |       |       |     1 ||     1
Invok: Berserk           |     1 |     2 |     2 ||     5
Evoke: Wand              |       |       |     4 ||     4
  Use: Scroll            |       |       |     1 ||     1
       Potion            |       |       |     1 ||     1
Armor: Animal skin       |     3 |     1 |       ||     4
       Leather armour    |       |     1 |     5 ||     6
Dodge: Dodged            |     9 |     5 |     7 ||    21

Table legend: (Time is in decaauts)
 A = Elapsed time spent in this place.
 B = Non-inter-level travel time spent in this place.
 C = Inter-level travel time spent in this place.
 D = Time resting spent in this place.
 E = Time spent auto-exploring this place.
 F = Levels seen in this place.
 G = Mean time per level.
                   A        B        C        D        E       F      G
               +--------+--------+--------+--------+--------+-----+--------+
         Total |    897 |    897 |      0 |    560 |      3 |   1 |  897.0 |
       Dungeon |    897 |    897 |      0 |    560 |      3 |   1 |  897.0 |
               +--------+--------+--------+--------+--------+-----+--------+

Top non-repeatable levels by time:
       D: 897 daAuts
